[Event "*** Titled Tuesday 3|2 Blitz"]
[Site "Chess.com"]
[Date "2017.03.07"]
[Round "7"]
[White "johnathan113"]
[Black "HaryKane"]
[Result "0-1"]
[WhiteElo "2386"]
[BlackElo "2299"]
[TimeControl "180+2"]
[EndTime "14:36:21 PST"]
[Termination "HaryKane won on time"]

1. e4 e5 2. Nf3 Nc6 3. d4 exd4 4.
Nxd4 Nf6 5. Nxc6 bxc6 6. e5 Qe7 7. Qe2 Nd5 8. c4 Nb6 9. Nc3 Bb7 10. f4 O-O-O 11.
Bd2 g6 12. O-O-O Bg7 13. Ne4 Rhe8 14. Bc3 c5 15. b3 Bh8 16. Qc2 d6 17. Nf6 Bxf6 18. exf6 Qd7 19. Bd3 Qg4 20. f5 d5 21.
fxg6 hxg6 22. h3 Qg5+ 23. Qd2 Qg3 24. Qc2 dxc4 25. bxc4 Re3 26. Be1 Qxg2 27. Rh2 Qxc2+ 28. Rxc2 Rexd3 0-1

[Event "*** Titled Tuesday 3|2 Blitz"]
[Site "Chess.com"]
[Date "2017.03.07"]
[Round "7"]
[White "kereswasbest"]
[Black "Jadro9"]
[Result "1-0"]
[WhiteElo "2058"]
[BlackElo "2381"]
[TimeControl "180+2"]
[EndTime "14:36:21 PST"]
[Termination "kereswasbest won by resignation"]

1. d4 d5 2. c4 e6 3. Nc3 Be7 4. e4 dxe4 5. Nxe4 Nf6 6. Nc3 c5 7. d5 O-O 8. Bf4 exd5 9. cxd5 Re8 10. Be2 b5 11. d6 Rf8 12. dxe7 Qxe7 13. Nd5 Nxd5 14.
Qxd5 Bb7 15. Qd6 Qe4 16. f3 Qc2 17. Qd2 Qg6 18. Bd3 Qf6 19. Ne2 Nc6 20. O-O c4 21.
Be4 Rad8 22. Qc3 Qe7 23. Rad1 h6 24. Ng3 f6 25. Nf5 Qc5+ 26. Be3 Qe5 27. Qxe5 fxe5 28. Bxc6 Bxc6 29. Ne7+ 1-0

[Event "*** Titled Tuesday 3|2 Blitz"]
[Site "Chess.com"]
[Date "2017.03.07"]
[Round "7"]
[White "SavelijTartakover"]
[Black "Gabix_94"]
[Result "1-0"]
[WhiteElo "2588"]
[BlackElo "2505"]
[TimeControl "180+2"]
[EndTime "14:36:22 PST"]
[Termination "SavelijTartakover won on time"]

1. d4 Nf6 2. c4 c5 3. d5 e6 4. Nc3 exd5 5. cxd5 d6 6. Nf3 g6 7.
Nd2 Bg7 8. Nc4 O-O 9. Bf4 b5 10. Nxb5 Ba6 11. a4 Nbd7 12. e3 Ne5 13. Nxe5 dxe5 14.
Bxe5 Re8 15. Bc3 Nxd5 16. Bxg7 Nxe3 17. fxe3 Rxe3+ 18. Kf2 Qh4+ 19. Kxe3 Re8+ 20. Kd2 Qf4+ 21. Kc2 Kxg7 22. Qd2 Qh4 23. Bd3 c4 24. Qc3+ Kg8 25. Bxc4 Bb7 26. Rhf1 Be4+ 27. Kb3 Bf5 28. Rxf5 gxf5 29.
Qg3+ Qxg3+ 30. hxg3 Re4 31. Nd6 Re1 32. Rxe1 a5 33. Re7 Kg7 34. Rxf7+ Kh6 35. Rxf5 1-0

[Event "*** Titled Tuesday 3|2 Blitz"]
[Site "Chess.com"]
[Date "2017.03.07"]
[Round "7"]
[White "Genghis_K"]
[Black "Cayse"]
[Result "1-0"]
[WhiteElo "2716"]
[BlackElo "2563"]
[TimeControl "180+2"]
[EndTime "14:36:23 PST"]
[Termination "Genghis_K won by resignation"]

1. e4 e5 2. Nf3 Nc6 3. Bb5 a6 4.
Ba4 Nf6 5. O-O Be7 6. Bxc6 dxc6 7. d3 Nd7 8. Nbd2 O-O 9. Nc4 f6 10. Nh4 Nc5 11. Nf5 Bxf5 12. exf5 Qd5 13. Qg4 Rad8 14. Be3 e4 15. b4 Na4 16. Qxe4 Qxe4 17. dxe4 Nc3 18.
a3 Nxe4 19. Rfe1 Nd6 20. Na5 Rd7 21. Rad1 Rfd8 22. g4 Nb5 23. Ra1 Nxa3 24. Rxa3 Bxb4 25. Rea1 Rd1+ 26. Kg2 Bxa3 27. Rxa3 Rb1 28. Nb3 Kf7 29. Nc5 h5 30. Ne6 Rdd1 31. h3 h4 32. Kf3 Rh1 33.
Nf4 Ra1 34. Rd3 Rhd1 35. Bd2 c5 36. Ne6 c4 37. Rd7+ Kg8 38. Rd8+ Kh7 39. Nf8+ Kg8 40. Ng6+ 1-0

[Event "*** Titled Tuesday 3|2 Blitz"]
[Site "Chess.com"]
[Date "2017.03.07"]
[Round "7"]
[White "kikydu96"]
[Black "Journey_to_GrandMaster_YT"]
[Result "1-0"]
[WhiteElo "2325"]
[BlackElo "2356"]
[TimeControl "180+2"]
[EndTime "14:36:29 PST"]
[Termination "kikydu96 won by resignation"]

1. e4 d6 2. d4 Nf6 3. Nc3 e5 4.
Nf3 Nbd7 5. Bc4 Be7 6. O-O O-O 7. h3 c6 8. a4 a5 9. Re1 Nb6 10. Bb3 Nfd7 11. Be3 exd4 12. Nxd4 Nc5 13. Nf5 Bxf5 14.
exf5 Nxb3 15. cxb3 d5 16. Bxb6 Qxb6 17. Rxe7 Rae8 18.
Qe2 Rxe7 19. Qxe7 Qxb3 20. Qg5 h6 21. Qd2 Re8 22. f6 gxf6 23. Ra3 Qb4 24. Qxh6 Re1+ 25. Kh2 Qd6+ 26. g3 d4 27. Qd2 Rf1 28. Qe2 Rc1 29. Ne4 Qe5 30. Rf3 f5 31. Rf4 fxe4 32. Rxe4 Qg5 33.
Rg4 1-0

[Event "*** Titled Tuesday 3|2 Blitz"]
[Site "Chess.com"]
[Date "2017.03.07"]
[Round "7"]
[White "TenisMaster"]
[Black "LuckyTiger"]
[Result "0-1"]
[WhiteElo "2590"]
[BlackElo "2519"]
[TimeControl "180+2"]
[EndTime "14:36:34 PST"]
[Termination "LuckyTiger won by resignation"]

1. e4 c5 2. Nf3 d6 3. d4 Nf6 4.
Nc3 cxd4 5. Nxd4 a6 6. Be3 e5 7.
Nb3 Be6 8. h3 Nbd7 9. f4 Rc8 10.
f5 Bc4 11. Qf3 b5 12. O-O-O Qc7 13. a3 d5 14. exd5 Bxa3 15. d6 Bxd6 16. Bxc4 bxc4 17.
Nd2 Bb4 18. Ndb1 O-O 19. g4 e4 20. Qg2 Ne5 21. g5 Nh5 22. Nd5 Qb7 23. Qxe4 Nd3+ 24. cxd3 cxd3+ 25. Nbc3 Bxc3 26. Nf6+ Bxf6+ 0-1

[Event "*** Titled Tuesday 3|2 Blitz"]
[Site "Chess.com"]
[Date "2017.03.07"]
[Round "7"]
[White "jcgs1030"]
[Black "Grootneus"]
[Result "1-0"]
[WhiteElo "2294"]
[BlackElo "2146"]
[TimeControl "180+2"]
[EndTime "14:36:39 PST"]
[Termination "jcgs1030 won by resignation"]

1. e4 d6 2. d4 g6 3. c4 Bg7 4.
Nc3 Nf6 5. Be2 O-O 6. Nf3 c5 7. d5 Bg4 8. Ng1 Bxe2 9. Ngxe2 Nbd7 10. O-O Ne5 11. b3 a6 12. f4 Ned7 13. a4 Nxe4 14. Nxe4 Bxa1 15. f5 Bg7 16. Bg5 Ne5 17. f6 exf6 18. Bxf6 Qd7 19. N2g3 Qg4 20. Qc2 Rfe8 21. Bxg7 Kxg7 22. Nxd6 Qd4+ 23. Kh1 Re7 24. Ndf5+ gxf5 25. Nxf5+ Kh8 26. Nxd4 cxd4 27. Qd2 d3 28. Qg5 Rae8 29. d6 Re6 30. c5 Rg8 31. Qd2 Rc8 32. b4 a5 33. h3 axb4 34. Qxb4 Rg6 35. Qd4 f6 36. d7 Rd8 37. Rxf6 d2 38. Rd6 Rxd6 39. Qxe5+ Kg8 40. Qxd6 d1=Q+ 1-0

[Event "*** Titled Tuesday 3|2 Blitz"]
[Site "Chess.com"]
[Date "2017.03.07"]
[Round "7"]
[White "politeplayer"]
[Black "GM_Splinter"]
[Result "0-1"]
[WhiteElo "2062"]
[BlackElo "2264"]
[TimeControl "180+2"]
[EndTime "14:36:40 PST"]
[Termination "GM_Splinter won by resignation"]

1. e4 e5 2. Nf3 Nc6 3. Nc3 Nf6 4. d4 exd4 5. Nd5 d6 6. Nxf6+ Qxf6 7.
Bg5 Qg6 8. Bd3 Ne5 9. h4 h6 10. Nxe5 dxe5 11. Bd2 Qxg2 12. Rf1 Bg4 13. f3 Be7 14.
Qe2 Bxh4+ 15. Kd1 Qxe2+ 16. Kxe2 Be6 17. c3 dxc3 18. Bxc3 f6 19. Bb4 O-O-O 20. Rac1 Rd7 21. Rc3 Rhd8 22. Rfc1 Bg5 23. R1c2 h5 24. Ra3 Kb8 25. Bb5 c6 26. Bc5 Rd2+ 27. Rxd2 Rxd2+ 28. Ke1 cxb5 29. Bxa7+ Kc7 30. Rc3+ Bc4 0-1

[Event "*** Titled Tuesday 3|2 Blitz"]
[Site "Chess.com"]
[Date "2017.03.07"]
[Round "7"]
[White "JeremDev"]
[Black "oggy1984"]
[Result "0-1"]
[WhiteElo "2227"]
[BlackElo "2354"]
[TimeControl "180+2"]
[EndTime "14:36:40 PST"]
[Termination "oggy1984 won by checkmate"]

1. e4 e5 2. Nf3 Nc6 3. Bc4 Bc5 4. O-O d6 5. c3 Nf6 6. Re1 O-O 7. h3 a6 8. d4 Ba7 9. a4 Re8 10.
Ng5 Re7 11. Qb3 Qe8 12. dxe5 Nxe5 13. Bf1 h6 14. Nf3 Nxf3+ 15. gxf3 Nh5 16. Na3 Qd8 17. Be3 Bxe3 18. fxe3 Re5 19. Bg2 Qh4 20. f4 Bxh3 21. fxe5 Bxg2 22. Kxg2 Qg3+ 23. Kf1 Qh2 24. Qc2 Ng3# 0-1

[Event "*** Titled Tuesday 3|2 Blitz"]
[Site "Chess.com"]
[Date "2017.03.07"]
[Round "7"]
[White "NTBT_DHS"]
[Black "Feegus"]
[Result "1-0"]
[WhiteElo "2554"]
[BlackElo "2384"]
[TimeControl "180+2"]
[EndTime "14:36:42 PST"]
[Termination "NTBT_DHS won by resignation"]

1. d4 Nf6 2. c4 c5 3. d5 b5 4.
cxb5 a6 5. bxa6 g6 6. Nc3 Bxa6 7. g3 d6 8. Bg2 Nbd7 9. Nf3 Nb6 10. b3 Bg7 11. Rb1 O-O 12. O-O Ra7 13. Bb2 Bb7 14. e4 Nfd7 15. a4 Ba6 16. Re1 Qa8 17. Nb5 Bxb5 18.
Bxg7 Kxg7 19. axb5 f6 20. b4 Ra3 21. bxc5 Nxc5 22.
Nd4 Kg8 23. Qg4 Nc4 24. Nc6 Ne5 25. Qd1 Qb7 26. h3 Rfa8 27. Kh2 Kf7 28. f4 Ned3 29.
Re3 Qb6 30. e5 Rc3 31. exd6 exd6 32. Qg4 Ra2 33. Re7+ Kg8 34. Qc8+ 1-0

[Event "*** Titled Tuesday 3|2 Blitz"]
[Site "Chess.com"]
[Date "2017.03.07"]
[Round "7"]
[White "Tash_Boy"]
[Black "AdrianaNikolova"]
[Result "1-0"]
[WhiteElo "2513"]
[BlackElo "2326"]
[TimeControl "180+2"]
[EndTime "14:36:43 PST"]
[Termination "Tash_Boy won by resignation"]

1. e4 d5 2. exd5 Qxd5 3. Nf3 Nf6 4. Be2 Qd8 5. O-O Bf5 6. d4 e6 7. c4 c5 8. Nc3 cxd4 9. Nxd4 Bg6 10. Bf3 Qc8 11.
Ndb5 a6 12. Nd6+ Bxd6 13. Qxd6 Nc6 14. Rd1 Qd7 15. Qc5 Qc7 16. Bf4 Qxf4 17. Bxc6+ bxc6 18. Qxc6+ Ke7 19. Qb7+ Nd7 20. Rxd7+ Kf6 21. g3 Qf5 22. Re1 Bh5 23. Nd5+ exd5 24. Rd6+ Kg5 25. Rxd5 g6 26.
Qxf7 Rhf8 27. Rxf5+ gxf5 28. Qg7+ Bg6 29. f4+ Kh5 30. Qe7 Kh6 31. Qg5+ Kg7 32. Re7+ Rf7 33. h4 h6 34. Rxf7+ Kxf7 35. Qxh6 Kf6 36. h5 Rg8 37. hxg6 Rxg6 38. Qf8+ Ke6 39. Qe8+ Kf6 40. Kf2 Rg7 41.
Qf8+ Rf7 42. Qd6+ 1-0

[Event "*** Titled Tuesday 3|2 Blitz"]
[Site "Chess.com"]
[Date "2017.03.07"]
[Round "7"]
[White "MateusViageiro"]
[Black "Schemato"]
[Result "1-0"]
[WhiteElo "2224"]
[BlackElo "2258"]
[TimeControl "180+2"]
[EndTime "14:36:43 PST"]
[Termination "MateusViageiro won by resignation"]

1. e4 e6 2. Qe2 c5 3. f4 Nc6 4.
Nf3 g6 5. g3 Bg7 6. Bg2 Nge7 7.
O-O d6 8. d3 O-O 9. Kh1 b6 10.
c3 Ba6 11. Rd1 d5 12. e5 h5 13. Be3 Nf5 14. Bf2 Rb8 15. Qe1 b5 16. d4 cxd4 17. Nxd4 Ncxd4 18. Bxd4 b4 19. Bxa7 bxc3 20. Qxc3 Ra8 21.
Bf2 Qb8 22. b4 Rc8 23. Qb2 Rc4 24. a3 Bf8 25. Nd2 Rc7 26. Rdc1 Rb7 27. Nb3 Bc4 28. Nc5 Rb5 29. Qd2 Bxc5 30. Bxc5 Ra4 31. Qf2 Qc8 32. h3 Qa6 33. g4 hxg4 34. hxg4 Nh6 35. Qh4 Kg7 36. Rc3 Raxb4 37. Bxb4 Rxb4 38. Rh3 Ng8 39. Qh8+ Kf8 40. Rh7 1-0

[Event "*** Titled Tuesday 3|2 Blitz"]
[Site "Chess.com"]
[Date "2017.03.07"]
[Round "7"]
[White "P0ubelle"]
[Black "DrVelja"]
[Result "0-1"]
[WhiteElo "2049"]
[BlackElo "2499"]
[TimeControl "180+2"]
[EndTime "14:36:50 PST"]
[Termination "DrVelja won by resignation"]

1. e4 c5 2. Nf3 e6 3. g3 Nc6 4.
Bg2 Nf6 5. d3 d5 6. Nc3 dxe4 7.
Nxe4 Nxe4 8. dxe4 Qxd1+ 9. Kxd1 Be7 10. c3 O-O 11. Be3 b6 12. Nd2 Ba6 13. Bf1 Bxf1 14. Rxf1 Rfd8 15. Ke2 Ne5 16. h3 Nd3 17. Rab1 Rac8 18.
Rfd1 Rd7 19. a4 Rcd8 20. Nc4 f6 21. Rd2 Ne5 22. Nxe5 Rxd2+ 23. Bxd2 fxe5 24. Rd1 c4 25. Be3 Kf7 26. Rxd8 Bxd8 27. a5 bxa5 28. Bxa7 a4 29. Bb8 Kf6 30. Ke3 Bb6+ 31. Ke2 g5 32. f3 Bc5 33.
Kd2 h5 34. g4 hxg4 35. hxg4 Bf2 36. Kc2 Bg3 37. Kd2 Ke7 38. Bd6+ Kxd6 0-1

[Event "*** Titled Tuesday 3|2 Blitz"]
[Site "Chess.com"]
[Date "2017.03.07"]
[Round "7"]
[White "TheNextLevelFan"]
[Black "SCIM"]
[Result "0-1"]
[WhiteElo "2382"]
[BlackElo "2331"]
[TimeControl "180+2"]
[EndTime "14:36:57 PST"]
[Termination "SCIM won by resignation"]

1. d4 Nf6 2. c4 e6 3. Nf3 Bb4+ 4. Bd2 Qe7 5. Nc3 O-O 6. Qc2 d5 7. e3 c5 8. dxc5 Bxc5 9. a3 Nc6 10. b4 Bd6 11. c5 Bb8 12. Be2 e5 13. O-O e4 14.
Nd4 Qe5 15. f4 Nxd4 16. exd4 Qxd4+ 17. Kh1 e3 18. Be1 Ng4 19. Rd1 Qf6 20. Nxd5 Qh6 21.
Bg3 Nf2+ 22. Bxf2 exf2 23. Rxf2 Be6 24. Bf3 a5 25. g3 axb4 26. axb4 Ra3 27. Bg2 Rxg3 28.
Ne7+ Kh8 29. f5 Rc3 30. Be4 Rxc2 31. Rxc2 Bb3 32. Rdd2 Bxc2 33. Rxc2 Qe3 0-1

[Event "*** Titled Tuesday 3|2 Blitz"]
[Site "Chess.com"]
[Date "2017.03.07"]
[Round "7"]
[White "Astaneh"]
[Black "workhard91"]
[Result "1-0"]
[WhiteElo "2531"]
[BlackElo "2229"]
[TimeControl "180+2"]
[EndTime "14:37:06 PST"]
[Termination "Astaneh won by resignation"]

1. e4 c5 2. Nf3 Nc6 3. Bb5 d6 4. O-O Bd7 5. Re1 Nf6 6. Nc3 g6 7.
Bxc6 Bxc6 8. e5 dxe5 9. Nxe5 Rc8 10. d3 Bg7 11. Qe2 Nd7 12. Nc4 Nb6 13. Bg5 f6 14. Be3 Nxc4 15. dxc4 b6 16. h4 O-O 17. h5 e5 18.
Rad1 Qc7 19. hxg6 hxg6 20. Qg4 Qf7 21. Rd6 Rfd8 22. Red1 Re8 23. Nd5 Bxd5 24. R1xd5 Rc7 25. Rd7 Rxd7 26. Rxd7 Qe6 27. Qxe6+ Rxe6 28. Rxa7 e4 29.
Ra6 f5 30. Bxc5 Rc6 31. b4 Bf8 32. Bxf8 Kxf8 33. c5 1-0

[Event "*** Titled Tuesday 3|2 Blitz"]
[Site "Chess.com"]
[Date "2017.03.07"]
[Round "7"]
[White "chito89"]
[Black "VerdeNotte"]
[Result "1-0"]
[WhiteElo "2547"]
[BlackElo "2572"]
[TimeControl "180+2"]
[EndTime "14:37:10 PST"]
[Termination "chito89 won by resignation"]

1. e4 c5 2. Nf3 d6 3. c3 Nf6 4. h3 Nc6 5. Bd3 d5 6. exd5 Qxd5 7. Qe2 e6 8. O-O Be7 9. Re1 O-O 10. Bc4 Qh5 11. a4 b6 12. d3 Bb7 13.
Bf4 Rad8 14. Nbd2 Na5 15. Ba2 Ba6 16. Nc4 Nxc4 17. Bxc4 Bxc4 18. dxc4 Bd6 19. Bg5 Be7 20. a5 h6 21. Bf4 Bd6 22. Be3 Nd7 23. axb6 axb6 24.
Ra6 Ra8 25. Rxa8 Rxa8 26. Rd1 Ne5 27. Rxd6 Ra1+ 28. Kh2 Ng4+ 29. Kg3 Nf6 30. Rd8+ Kh7 31. Qd3+ g6 32. Bf4 Rh1 33. Be5 Ng8 34. Rxg8 f6 35.
Bxf6 Kxg8 36. Qd8+ Kf7 37. Qe7+ 1-0

[Event "*** Titled Tuesday 3|2 Blitz"]
[Site "Chess.com"]
[Date "2017.03.07"]
[Round "7"]
[White "littleozy"]
[Black "GMMarcinDziuba"]
[Result "0-1"]
[WhiteElo "2298"]
[BlackElo "2462"]
[TimeControl "180+2"]
[EndTime "14:37:15 PST"]
[Termination "GMMarcinDziuba won by checkmate"]

1. d4 Nf6 2. c4 g6 3. Nc3 Bg7 4.
e4 d6 5. Bd3 O-O 6. Nge2 c5 7.
d5 e6 8. O-O a6 9. a4 Re8 10. Re1 Nbd7 11. Bf4 Nh5 12. Bxd6 e5 13. b4 b6 14. a5 Qf6 15. Bc7 cxb4 16. Na4 bxa5 17. Bxa5 Rb8 18. c5 Qg5 19. Rb1 Ndf6 20. Rxb4 Rxb4 21. Bxb4 Bh3 22. Ng3 Nf4 23. Bf1 Bc8 24.
Nb6 h5 25. Nxc8 Rxc8 26. c6 h4 27. Bd2 Ng4 28. Bxf4 exf4 29. Be2 Ne5 30. Nf1 Bf8 31. Nd2 h3 32. g3 fxg3 33. hxg3 Bc5 34. Nf1 Qf6 35. Ne3 Bxe3 36. fxe3 Qg5 37. Kh2 Qxe3 38. Bf1 Nf3+ 39. Kxh3 Nxe1 40. Bxa6 Rf8 41. Kh2 Qf2+ 42.
Kh3 Kg7 43. Qa1+ f6 44. Be2 Qxe2 45. Qa7+ Rf7 46. c7 Qh5# 0-1

[Event "*** Titled Tuesday 3|2 Blitz"]
[Site "Chess.com"]
[Date "2017.03.07"]
[Round "7"]
[White "plouarzel"]
[Black "ChadaevNikolay"]
[Result "0-1"]
[WhiteElo "2354"]
[BlackElo "2603"]
[TimeControl "180+2"]
[EndTime "14:37:16 PST"]
[Termination "ChadaevNikolay won by resignation"]

1. d4 e6 2. c4 f5 3. g3 Nf6 4.
Bg2 Be7 5. Nf3 O-O 6. O-O d6 7.
Nc3 Qe8 8. b3 Qh5 9. Bb2 a6 10. e3 Nbd7 11. Nd2 Qh6 12. Qe2 e5 13. Nd5 Bd8 14. dxe5 Nxe5 15. Nf3 Nc6 16. Rac1 Be6 17. Nd4 Nxd4 18. Bxd4 Nxd5 19. cxd5 Bd7 20. Rfd1 Rf7 21.
Rc2 g5 22. f4 Qg6 23. Rdc1 h5 24. Bb2 Kh7 25. Qe1 Rc8 26. Qc3 Bf6 27. Qb4 Bxb2 28.
Rxb2 b6 29. Rbc2 a5 30. Qd4 Bb5 31. a3 h4 32. fxg5 hxg3 33. hxg3 Qxg5 34. Qf4 Qxf4 35. gxf4 Kg6 36. Kf2 Kf6 37. a4 Ba6 38. Rc6 Bb7 39. R6c2 Rg7 40. Bf3 Rh8 41. Rxc7 Rh2+ 42. Kf1 Ba6+ 43.
R7c4 Bxc4+ 44. Rxc4 Rg3 45. Be2 Rxe3 46. Rc2 Rxb3 0-1

[Event "*** Titled Tuesday 3|2 Blitz"]
[Site "Chess.com"]
[Date "2017.03.07"]
[Round "7"]
[White "Hikaru"]
[Black "igorkovalenko"]
[Result "1-0"]
[WhiteElo "2908"]
[BlackElo "2704"]
[TimeControl "180+2"]
[EndTime "14:37:19 PST"]
[Termination "Hikaru won by resignation"]

1. b3 e5 2. Bb2 Nc6 3. e3 a6 4. c4 Nf6 5. Nc3 Bb4 6. Nd5 Be7 7. Ne2 O-O 8. Nec3 d6 9. Nxe7+ Qxe7 10.
Be2 Rd8 11. O-O d5 12. cxd5 Nxd5 13. Nxd5 Rxd5 14. Qc2 Nb4 15. Qc3 Nc6 16. f4 Be6 17.
Bc4 Ra5 18. a4 Bxc4 19. bxc4 f6 20. d4 exd4 21. exd4 Rh5 22. d5 Nb4 23. Rae1 Qc5+ 24. Kh1 a5 25. g4 Rh6 26. g5 Rg6 27. h4 fxg5 28. f5 Nxd5 29. cxd5 Qxc3 30. Bxc3 Rh6 31. Re7 Rxh4+ 32. Kg2 Kf8 33. Rxc7 Re8 34. Bxg7+ Kg8 35. f6 Re2+ 36. Rf2 Rxf2+ 37. Kxf2 Rxa4 38. d6 Rd4 1-0

[Event "*** Titled Tuesday 3|2 Blitz"]
[Site "Chess.com"]
[Date "2017.03.07"]
[Round "7"]
[White "GMOratovsky"]
[Black "amaidel"]
[Result "0-1"]
[WhiteElo "2387"]
[BlackElo "2455"]
[TimeControl "180+2"]
[EndTime "14:37:29 PST"]
[Termination "amaidel won by resignation"]

1. e4 e5 2. Nf3 Nf6 3. Nxe5 d6 4. Nf3 Nxe4 5. Nc3 Nf6 6. d4 Be7 7. Bd3 O-O 8. h3 d5 9. O-O Re8 10. Bg5 Nbd7 11. Re1 c6 12. Ne5 Nxe5 13. dxe5 Nd7 14. Bxe7 Qxe7 15. f4 Qh4 16. Qf3 Nf8 17. Qf2 Qxf2+ 18. Kxf2 Ne6 19. g3 g6 20. Ne2 Bd7 21. Ng1 Kg7 22. Nf3 c5 23. c3 Bc6 24.
Rad1 Rad8 25. Bc2 d4 26. Be4 Bxe4 27. Rxe4 dxc3 28. Rxd8 Rxd8 29. bxc3 Rd1 30. Re2 Rc1 31. Rd2 Rxc3 32. Rd7 Ra3 33. Rxb7 Rxa2+ 34. Ke3 c4 35. Ng5 Ra3+ 36. Kf2 Nxg5 37. fxg5 Kf8 38. Rc7 c3 39. Kf3 c2+ 40. Kf4 Ra2 41. e6 fxe6 42. Ke5 Ke8 43. Kxe6 Kd8 44. Rc4 a5 45. Ke5 Kd7 46. Ke4 Ra4 47.
Rxa4 c1=Q 48. Rxa5 Qe1+ 0-1

[Event "*** Titled Tuesday 3|2 Blitz"]
[Site "Chess.com"]
[Date "2017.03.07"]
[Round "7"]
[White "silverback96"]
[Black "rpragchess"]
[Result "0-1"]
[WhiteElo "2072"]
[BlackElo "2091"]
[TimeControl "180+2"]
[EndTime "14:37:30 PST"]
[Termination "rpragchess won by checkmate"]

1. d4 Nf6 2. c4 g6 3. g3 Bg7 4. Bg2 d5 5. cxd5 Nxd5 6. Nf3 O-O 7.
O-O Nc6 8. Nc3 e5 9. Nxd5 e4 10.
Bg5 Qxd5 11. Ne5 Nxd4 12. e3 Qxe5 13. Bf4 Nf3+ 14. Bxf3 Qxb2 15. Rb1 Qxa2 16. Bxe4 c6 17. Bg5 Bh3 18. Re1 Qe6 19. Bf3 b6 20. Qc1 Rac8 21. Qa3 Qf5 22. Bf4 g5 23. e4 Qg6 24. Bd6 Rfd8 25. e5 Bf5 26. Rbc1 Bf8 27. Bxf8 Rxf8 28. Qxa7 b5 29. Qd4 Rfd8 30. Qc5 Rd3 31. Be2 Rd5 32.
Qxd5 cxd5 33. Rxc8+ Bxc8 34. Bxb5 Qb6 35. Bd3 Qd4 36. Bb1 Qb4 37. Rd1 Bg4 38. Rc1 Qb2 39.
Re1 Bf3 40. Bf5 d4 41. e6 fxe6 42. Bxe6+ Kg7 43. Bf5 Qd2 44. Rb1 d3 45. Rb7+ Kf6 46.
Bxh7 Qe1# 0-1

[Event "*** Titled Tuesday 3|2 Blitz"]
[Site "Chess.com"]
[Date "2017.03.07"]
[Round "7"]
[White "Fandorine"]
[Black "GMHess"]
[Result "0-1"]
[WhiteElo "2626"]
[BlackElo "2599"]
[TimeControl "180+2"]
[EndTime "14:37:47 PST"]
[Termination "GMHess won by resignation"]

1. e4 e5 2. Bc4 Nf6 3. d3 Nc6 4.
Nc3 Bb4 5. Ne2 d5 6. exd5 Nxd5 7.
Bxd5 Qxd5 8. O-O Qd8 9. f4 exf4 10. Bxf4 O-O 11. Ng3 f5 12. Kh1 Nd4 13. a3 Ba5 14. b4 Bb6 15. Na4 Bd7 16. c4 Bxa4 17. Qxa4 c6 18. Rae1 Bc7 19. Bxc7 Qxc7 20. Ne2 Nxe2 21. Rxe2 Qd7 22. Qc2 a5 23. Rfe1 axb4 24. axb4 Rf7 25.
Re6 f4 26. Qe2 h6 27. h3 f3 28. gxf3 Raf8 29. Kg2 b5 30. cxb5 cxb5 31. Qe4 Rxf3 32. Qg4 Rf2+ 33. Kg1 Qf7 34. Rg6 Rf1+ 35. Rxf1 Qxf1+ 36. Kh2 Rf2+ 37. Kg3 Rg2+ 38. Kh4 0-1

[Event "*** Titled Tuesday 3|2 Blitz"]
[Site "Chess.com"]
[Date "2017.03.07"]
[Round "7"]
[White "capatl"]
[Black "aa175"]
[Result "1-0"]
[WhiteElo "2323"]
[BlackElo "1849"]
[TimeControl "180+2"]
[EndTime "14:37:51 PST"]
[Termination "capatl won by resignation"]

1. c4 e5 2. Nc3 Nc6 3. e3 Bc5 4.
Nf3 Nf6 5. d4 exd4 6. exd4 Bb4 7. d5 Qe7+ 8. Be2 Ne5 9. O-O O-O 10. Nb5 d6 11. a3 Bc5 12. Nxe5 dxe5 13. b4 Bd4 14. Nxd4 exd4 15. Bb2 c6 16. dxc6 bxc6 17. Bf3 Bb7 18. Qxd4 Rad8 19. Qh4 Rd2 20. Rfe1 Qd6 21. c5 Qd8 22. Bxf6 Qxf6 23. Qxf6 gxf6 24. Re7 Ba8 25.
Rxa7 Rfd8 26. h3 Kg7 27. b5 Rc8 28. b6 Rb2 29. Rc1 Rb3 30. a4 Rb8 31. a5 Ra3 32. a6 Ra5 33. Rxa8 Rxa8 34. a7 R8xa7 35. bxa7 Rxa7 36. Bxc6 Rc7 37. Bf3 f5 38. c6 Kf6 39.
Rb1 Rc8 40. Rb7 Re8 41. c7 Re1+ 42. Kh2 Rc1 43. Rb6+ Ke7 44. Rc6 Rxc6 45. Bxc6 Kd6 46. c8=Q Ke5 47. Qe8+ Kf6 48. Qxf7+ Ke5 49. Qxh7 Kf6 50.
Qf7+ Ke5 51. h4 Kf4 52. h5 Ke5 53. h6 Kf4 54. h7 Ke5 55. h8=Q+ Kf4 56. Qxf5+ Kxf5 57. Qe5+ Kxe5 1-0

[Event "*** Titled Tuesday 3|2 Blitz"]
[Site "Chess.com"]
[Date "2017.03.07"]
[Round "7"]
[White "Shivagami"]
[Black "ChristopherYoo"]
[Result "0-1"]
[WhiteElo "1948"]
[BlackElo "2147"]
[TimeControl "180+2"]
[EndTime "14:37:57 PST"]
[Termination "ChristopherYoo won by resignation"]

1. d4 Nf6 2. Bf4 d5 3. e3 c5 4. c3 Nc6 5. Nd2 e6 6. Ngf3 b6 7. Bb5 Bd7 8. O-O a6 9. Bd3 c4 10. Bc2 b5 11. e4 Be7 12. e5 Nh5 13. Be3 g6 14. Bh6 Bf8 15. Be3 Qb6 16. g4 Ng7 17.
Bh6 b4 18. Rb1 Qa5 19. cxb4 Nxb4 20. a3 Nxc2 21. Qxc2 Rc8 22. Ng5 Qd8 23. Qc3 Nf5 24.
Bxf8 Qxg5 25. Qh3 Rxf8 26. Nf3 Qh6 27. Qg2 Nh4 28. Qh3 Nxf3+ 29. Qxf3 Qg5 30. Qg3 h5 31. h3 hxg4 32. hxg4 Rh8 33. f4 Qh4 34. Qg2 Qh3 35. Rf2 Qxg2+ 36. Rxg2 Rb8 37. Rf1 Rb3 38. Kf2 Rxb2+ 0-1

[Event "*** Titled Tuesday 3|2 Blitz"]
[Site "Chess.com"]
[Date "2017.03.07"]
[Round "7"]
[White "DryCounty"]
[Black "Hanging_pointer"]
[Result "1-0"]
[WhiteElo "2498"]
[BlackElo "2279"]
[TimeControl "180+2"]
[EndTime "14:38:00 PST"]
[Termination "DryCounty won by resignation"]

1. e4 c5 2. Nf3 d6 3. d4 cxd4 4.
Nxd4 Nf6 5. Nc3 a6 6. Be2 e5 7.
Nb3 Be7 8. O-O O-O 9. Qd3 Nc6 10. Rd1 Be6 11. Nd5 Bxd5 12. exd5 Nb4 13. Qc4 a5 14. c3 Na6 15. Qb5 Nc7 16. Qxb7 a4 17. Nd2 a3 18. Nc4 axb2 19. Bxb2 Ne4 20. Qb3 Nc5 21. Qc2 Bg5 22. a4 f5 23. a5 e4 24.
Ba3 N7a6 25. Rab1 f4 26. Rb6 f3 27. Bf1 fxg2 28. Bxg2 Bf4 29. Bc1 Be5 30. Nxe5 dxe5 31. Be3 Qh4 32. d6 Rad8 33. d7 Qg4 34. h3 Qh5 35.
Rd5 Rf3 36. Bxc5 Nxc5 37. Rxc5 e3 38. fxe3 Rxh3 39. Bxh3 Qxh3 40. Qa2+ Kf8 41. Qf2+ Ke7 42. Rxe5+ Kxd7 43. Rd5+ Kc7 44. Qf7+ 1-0

[Event "*** Titled Tuesday 3|2 Blitz"]
[Site "Chess.com"]
[Date "2017.03.07"]
[Round "7"]
[White "FlameOak4464"]
[Black "HouseOfDurin"]
[Result "1-0"]
[WhiteElo "1782"]
[BlackElo "1853"]
[TimeControl "180+2"]
[EndTime "14:38:03 PST"]
[Termination "FlameOak4464 won on time"]

1. e4 c5 2. Nf3 Nc6 3. d4 cxd4 4.
Nxd4 e5 5. Nb5 d6 6. N1c3 a6 7. Na3 b5 8. Nd5 Be6 9. c3 Bxd5 10. Qxd5 Rc8 11. Nc2 Nf6 12. Qd3 d5 13. exd5 Qxd5 14. Bg5 Qe4+ 15. Qxe4 Nxe4 16. Be3 Be7 17. Bd3 Nc5 18.
Be2 f5 19. O-O Kf7 20. f4 g6 21. fxe5 Nxe5 22. Bd4 Bf6 23. g4 Ke6 24. gxf5+ gxf5 25. Rae1 Rhg8+ 26. Kh1 Ne4 27. Bxe5 Bxe5 28. Bf3 Nd2 29. Rf2 Nxf3 30. Rxf3 Rc4 31. Nd4+ Kd5 32. Rxf5 Re8 33. Nf3 Re4 34. Rxe4 Kxe4 35. Rf7 Ke3 36. Ng5 Bf4 37.
Nxh7 Bh6 38. Nf6 1-0

[Event "*** Titled Tuesday 3|2 Blitz"]
[Site "Chess.com"]
[Date "2017.03.07"]
[Round "7"]
[White "Zhani-Z"]
[Black "spectralsoul"]
[Result "0-1"]
[WhiteElo "2327"]
[BlackElo "2622"]
[TimeControl "180+2"]
[EndTime "14:38:05 PST"]
[Termination "spectralsoul won by checkmate"]

1. e4 d6 2. d4 Nf6 3. Nc3 g6 4. Nf3 Bg7 5. Be2 O-O 6. O-O a6 7. a4 b6 8. Re1 e6 9. d5 exd5 10. exd5 Bb7 11. Bg5 h6 12. Bh4 Re8 13. Qd2 Nbd7 14.
Bc4 g5 15. Bg3 Nc5 16. Nd4 Qd7 17. f3 Rxe1+ 18. Bxe1 Re8 19. Bf2 Re5 20. Bg3 Re8 21.
b3 Nh5 22. Bf2 Nf4 23. Bg3 Be5 24. Re1 Ng6 25. Bf2 Bf4 26. Qd1 Be5 27. g3 Bg7 28. Kg2 Ne5 29. Bf1 f5 30. Qd2 Qf7 31. b4 Ncd7 32. Nb3 g4 33. fxg4 fxg4 34. Be2 Nf3 35. Bxf3 Qxf3+ 36. Kg1 Rxe1+ 37. Bxe1 Bxc3 38. Qxc3 Qxd5 39. Kf2 Ne5 40. Ke3 Qe4+ 41. Kd2 Nf3+ 42. Kd1 c5 43.
bxc5 bxc5 44. Qd3 Qxe1# 0-1